 Dungeon Crawl Stone Soup version 0.29.1-12-g30fa7ad0bf (webtiles) character file.

Game seed: 5468615769878686763

40798 suipiss the Reanimator (level 13, -1/71 HPs)
             Began as a Demonspawn Necromancer on Jan 12, 2023.
             Was a High Priest of Hepliaklqana.
             Slain by a death yak (27 damage)
             ... on level 5 of the Lair of Beasts.
             The game lasted 00:53:13 (23319 turns).

suipiss the Reanimator (Demonspawn Necromancer)    Turns: 23319, Time: 00:53:14

Health: -1/71      AC:  7    Str: 18    XL:     13   Next: 76%
Magic:  23/27      EV: 12    Int: 26    God:    Hepliaklqana [*****.]
Gold:   1212       SH:  0    Dex: 13    Spells: 9/33 levels left

rFire   + + .      SeeInvis +   x - +3 mace of Arbitration {vorpal, *Rage rElec Int+3}
rCold   . . .      Faith    .   (no shield)
rNeg    + . .      Spirit   .   p - +2 robe {rC+ rF+}
rPois   +          Reflect  .   (helmet unavailable)
rElec   +          Harm     .   t - +0 cloak
rCorr   .          Rampage  .   I - +0 pair of gloves {Stlth+}
Will    .....      Rage     20% u - +0 pair of boots
Stlth   +++.......              (no amulet)
HPRegen 0.21/turn               v - ring of protection from fire
MPRegen 0.40/turn               N - ring of Jiloqaquu {*Slow rPois rC- rN+ Str+8}

@: about to teleport, on berserk cooldown, hasted and slowed
A: reduced essence, antennae 3, spiny 2, magic regeneration, big brain 1
a: Renounce Religion, Recall Ancestor, Ancestor Identity, Transference, Idealise


You were on level 5 of the Lair of Beasts.
You worshipped Hepliaklqana.
Hepliaklqana was extremely pleased with you.
You visited 3 branches of the dungeon, and saw 18 of its levels.
You also visited: Ossuary and Bailey.

You collected 1404 gold pieces.
You spent 192 gold pieces at shops.

Inventory:

Hand Weapons
 x - the +3 mace of Arbitration (weapon) {vorpal, *Rage rElec Int+3}
   (You bought it in a shop on level 3 of the Dungeon)

   It inflicts extra damage upon your enemies.
   Int:       It affects your intelligence (+3).
   rElec:     It insulates you from electricity.
   *Rage:     It berserks you when you make melee attacks (+20% chance).
 G - the +0 rapier "Dragonslayer" {spect, Str+7}
   (You found it on level 1 of the Lair of Beasts)

   When its wielder attacks, the weapon's spirit leaps out and strikes again.
   The spirit shares a part of any damage it takes with its wielder.
   Str:       It affects your strength (+7).
Missiles
 c - 2 throwing nets
Armour
 p - a +2 robe of resistance (worn)
 t - a +0 cloak (worn)
 u - a +0 pair of boots (worn)
 I - a +0 pair of gloves of stealth (worn)
 M - a +2 robe of willpower
Magical Staves
 F - a staff of conjuration
Jewellery
 j - a ring of flight
 v - a ring of protection from fire (left hand)
 E - a +4 ring of protection
 J - a ring of poison resistance
 N - the ring of Jiloqaquu (right hand) {*Slow rPois rC- rN+ Str+8}
   (You found it on level 9 of the Dungeon)

   [ring of positive energy]

   Str:       It affects your strength (+8).
   rC:        It makes you vulnerable to cold.
   rPois:     It protects you from poison.
   rN:        It protects you from negative energy.
   *Slow:     It may slow you when you take damage.
 P - a ring of positive energy
 S - an amulet of faith
Wands
 h - a wand of iceblast (4)
 l - a wand of flame (61)
 B - a wand of charming (7)
 L - a wand of polymorph (4)
Scrolls
 b - a scroll of enchant weapon
 d - 8 scrolls of teleportation
 f - 4 scrolls of amnesia
 y - 6 scrolls of fog
 C - 2 scrolls of torment
 D - 3 scrolls of magic mapping
 R - 2 scrolls of fear
Potions
 a - a potion of resistance
 e - 3 potions of ambrosia
 i - 2 potions of cancellation
 k - a potion of heal wounds
 m - a potion of degeneration {unknown}
 n - 2 potions of flight {unknown}
 q - 3 potions of brilliance {unknown}
 r - a potion of invisibility {unknown}
 s - 3 potions of attraction {unknown}
 w - 2 potions of curing
 z - 2 potions of might {unknown}
 A - 5 potions of mutation {unknown}
 K - 2 potions of berserk rage {unknown}
 Q - 2 potions of magic
 T - a potion of lignification {unknown}
Miscellaneous
 U - a lightning rod (4/4)


   Skills:
 - Level 1.7 Dodging
 - Level 1.7 Stealth
 * Level 10.6 Spellcasting
 * Level 10.8 Conjurations
 * Level 13.0 Necromancy
 * Level 9.6 Transmutations
 * Level 9.9 Earth Magic


You had 9 spell levels left.
You knew the following spells:

 Your Spells              Type           Power      Damage    Failure   Level
a - Necrotise             Necr           100%       1d9       1%          1
b - Vampiric Draining     Necr           69%        2d10      1%          3
c - Stone Arrow           Conj/Erth      100%       3d13      1%          3
d - Agony                 Necr           69%        N/A       1%          5
e - Blink                 Tloc           26%        N/A       6%          2
f - Borgnjor's Vile Clut  Necr/Erth      32%        N/A       1%          5
g - Iskenderun's Battles  Conj           63%        2d11      1%          5

Your spell library contained the following spells:

 Spells                   Type           Power      Damage    Failure   Level
 Sandblast                Erth           100%       2d20      1%          1
 Passwall                 Tmut/Erth      49%        N/A       1%          2
 Conjure Flame            Conj/Fire      42%        6-21      1%          3
 Animate Dead             Necr           69%        N/A       1%          4
 Lee's Rapid Deconstruct  Erth           30%        3d17*     1%          5
 Sticky Flame             Conj/Fire      42%        2d6       4%          4
 Animate Armour           Summ/Erth      78%        N/A       5%          4
 Leda's Liquefaction      Hex/Erth       19%        N/A       5%          4
 Scorch                   Fire           26%        2d6       6%          2
 Statue Form              Tmut/Erth      39%        N/A       12%         6
 Call Canine Familiar     Summ           13%        N/A       13%         3
 Gell's Gravitas          Tloc           13%        N/A       13%         3
 Inner Flame              Hex/Fire       13%        N/A       13%         3
 Lesser Beckoning         Tloc           13%        N/A       13%         3
 Portal Projectile        Hex/Tloc       26%        N/A       13%         3
 Teleport Other           Tloc           13%        N/A       13%         3
 Fireball                 Conj/Fire      21%        3d10      13%         5
 Alistair's Intoxication  Tmut/Pois      25%        N/A       17%         5
 Orb of Destruction       Conj           31%        9d10      38%         7
 Conjure Ball Lightning   Conj/Air       21%        3x3d6     56%         6
 Eringya's Noxious Bog    Tmut/Pois      19%        N/A       67%         6
 Manifold Assault         Tloc           13%        N/A       75%         5
 Borgnjor's Revivificati  Necr           34%        N/A       78%         8
 Necromutation            Tmut/Necr      32%        N/A       95%         8
 Lehudib's Crystal Spear  Conj/Erth      30%        10d8      98%         8
 Storm Form               Tmut/Air       19%        N/A       99%         7
 Death's Door             Necr           34%        N/A       100%        9


Dungeon Overview and Level Annotations

Branches:
Dungeon (12/15)            Temple (1/1) D:4            Lair (5/5) D:11
  Swamp (0/4) Lair:2        Snake (0/4) Lair:3        Slime (0/5) Lair:4
    Orc (0/2) D:10        Ossuary (visited)          Bailey (visited)

Altars:
Ashenzari
Cheibriados
Dithmenos
Fedhas
Gozag
Hepliaklqana
Kikubaaqudgha
Makhleb
Nemelex Xobeh
Okawaru
Qazlal
Ru
Sif Muna
Trog
Uskayaw
Vehumet
Wu Jian
Xom
Yredelemnul
Jiyva

Shops:
D:3 (!:

Annotations:
Lair:2 2 transporters, Unglued128's ghost, journeyman DrEE
Lair:4 2 transporters, exclusion: oklob plant


Innate Abilities, Weirdness & Mutations

Your life essence is reduced to manifest your ancestor. (-10% HP)
You have a pair of large antennae on your head. (SInv)
You are mostly covered in sharp spines.
You regenerate magic rapidly.
You have an unusually large brain. (Int +2)


Message History

You feel a strong urge to attack something.
You are no longer berserk.
You are exhausted.
You feel yourself slow down.
The yak misses booboo.
The yak gores you!
* * * LOW HITPOINT WARNING * * *
Booboo blocks the death yak's attack.
You see here a water moccasin corpse.
Unknown command.
Okay, then.
You feel much better.
Booboo barely misses the death yak.
Booboo blocks the death yak's attack.
The death yak is struck by your spines. The death yak gores you!
The death yak completely misses booboo.
The yak gores booboo but does no damage.
Booboo hits the yak with a +0 flail!
You feel yourself speed up. The yak barely misses you.
Booboo blocks the death yak's attack.
Booboo blocks something's attack.
The yak gores booboo.
Booboo hits the yak with a +0 flail.
The yak is struck by your spines. The yak gores you!
* * * LOW HITPOINT WARNING * * *
The death yak gores booboo but does no damage.
Booboo blocks the yak's attack.
Something stings booboo but does no damage.
You feel much better.
Booboo hits the death yak with a +0 flail!
The yak gores booboo but does no damage.
Booboo blocks the yak's attack.
The death yak barely misses you.
Booboo blocks the death yak's attack.
The death yak is struck by your spines. The death yak gores you!!
* * * LOW HITPOINT WARNING * * *
You feel much better.
Booboo hits the yak with a +0 flail!
The yak gores booboo but does no damage.
The death yak gores booboo!
The death yak is struck by your spines. The death yak gores you!
The yak gores booboo.
The yak barely misses you. The death yak completely misses you.
Okay, then.
As you read the scroll of teleportation, it crumbles to dust.
You feel strangely unstable.
Booboo blocks something's attack.
Booboo closely misses the yak.
Booboo blocks the yak's attack.
The death yak gores booboo!
The death yak gores you!!
You die...

...P ##. P.P.
..###..### ....
...P.....# ....
...?.P.... ....
.P.P.....# ....
..#......# # ....
.........# .# #..P
##.......### .## ..
#..~...{#@Y#†..###!
.#.. ~
~.~~..FYRYYYY†~~.~..
...# .
~##.~#~YY##†.#~~~#
~~ #~.. .D ~~~~
##~~~YP~# ~~~#
~##~.. .S. ~~~
~~~~~~~~~~~~~~~
~~.~# ~~
~~~~~~~~~~~~~~.~~~
~~~# #
####.##########.#~~
#~~# ⌠~ #~~~~~##.##
#~~ #~#~~~~~..#


You could see the friendly booboo the knight, 3 death yaks, 5 yaks and a cane
toad.

Vanquished Creatures
  Nessos (Lair:4)
  2 hydras
  2 two-headed ogres
  2 death yaks (Lair:5)
  The ghost of Rangus the Trooper, a novice OgWn of Ashenzari (D:9)
  The ghost of KittyFluff the Protected, a novice GrFi of Trog (D:8)
  Lodul (D:11)
  A sea snake (Lair:4)
  An ugly thing (D:11)
  4 elephants
  5 black mambas
  3 cane toads
  A torpor snail (Lair:5)
  An unseen horror (D:10)
  Psyche (D:8)
  4 komodo dragons
  2 kobold demonologists (D:9)
  2 rime drakes (Lair:5)
  4 trolls
  2 wind drakes (Lair:5)
  9 blink frogs
  2 polar bears
  Prince Ribbit (D:6)
  4 dream sheep (Lair:2)
  A snapping turtle (Lair:5)
  A shadow (D:10)
  3 wyverns
  25 yaks
  A wraith (D:11)
  4 basilisks
  5 steam dragons
  2 nagas (Lair:3)
  16 water moccasins
  An acid dragon (D:11)
  12 orc warriors
  4 ice beasts (D:6)
  A sky beast (D:7)
  3 black bears
  9 ogres
  2 centaurs
  12 wolves
  A phantom (D:5)
  11 kobold brigands
  9 bullfrogs
  3 gnoll sergeants
  2 necrophages (D:6)
  3 scorpions
  A wight (D:8)
  6 killer bees
  6 electric eels
  3 howler monkeys
  2 jellies
  A hound (D:5)
  A human zombie (Ossuary)
  5 orc priests
  Jessica (D:3)
  3 iguanas
  Natasha (thrice) (D:2)
  12 orc wizards
  4 hell rats (Lair:3)
  2 mummies (Ossuary)
  31 gnolls
  7 adders
  A white imp (D:6)
  An ufetubus (D:5)
  An adder zombie (Ossuary)
  A dart slug (D:1)
  48 orcs
  10 bats
  10 endoplasms
  A giant cockroach (D:3)
  2 gnoll zombies (Ossuary)
  4 goblins
  16 hobgoblins
  3 jackals (D:4)
  6 quokkas
  7 ball pythons
  4 frilled lizards
  A goblin zombie (Ossuary)
  A hobgoblin zombie (Ossuary)
  A jackal zombie (Ossuary)
  50 kobolds
  10 rats
  2 rat zombies (Ossuary)
456 creatures vanquished.

Vanquished Creatures (collateral kills)
  A hydra (Lair:3)
  A death yak (Lair:5)
  A harpy (Lair:5)
  3 elephants
  A black mamba (Lair:5)
  A komodo dragon (Lair:3)
  A polar bear (Lair:5)
  3 blink frogs
  2 dream sheep (Lair:2)
  12 yaks
  A wraith (D:9)
  4 water moccasins
  2 orc warriors
  3 wolves
  A kobold brigand (D:9)
  2 bullfrogs
  An elf zombie (Ossuary)
  A gnoll sergeant (D:9)
  2 wights (D:8)
  2 killer bees
  2 howler monkeys (D:7)
  An orc priest (D:6)
  A hell rat (Lair:3)
  2 orc wizards
  3 mummies
  3 gnolls (D:9)
  A shadow imp (D:5)
  An ufetubus (D:7)
  An adder zombie (Ossuary)
  5 orcs
  2 endoplasms (Lair:4)
  A quokka (D:4)
  A goblin zombie (Ossuary)
  A rat (D:1)
70 creatures vanquished.

Vanquished Creatures (others)
  3 knights
  43 fungi
  73 plants
119 creatures vanquished.

Grand Total: 645 creatures vanquished

Notes
Turn   | Place    | Note
-------+----------+-------------------------------------------
     0 | D:1      | suipiss the Demonspawn Necromancer began the quest for the
                  | Orb.
     0 | D:1      | Reached XP level 1. HP: 13/13 MP: 3/3
   203 | D:1      | Gained mutation: You are partially covered in sharp spines.
                  | [demonic ancestry]
   203 | D:1      | Reached XP level 2. HP: 13/19 MP: 0/5
   557 | D:1      | Reached skill level 5 in Necromancy
   557 | D:1      | Gained mutation: You have a pair of small antennae on your
                  | head. [demonic ancestry]
   557 | D:1      | Reached XP level 3. HP: 24/24 MP: 2/7
  1305 | D:1      | Learned a level 3 spell: Vampiric Draining
  1525 | D:2      | Gained mutation: You have a pair of antennae on your head.
                  | [demonic ancestry]
  1525 | D:2      | Reached XP level 4. HP: 20/30 MP: 4/8
  1531 | D:2      | HP: 1/30 [gnoll/+0 whip (8)]
  1846 | D:2      | Learned a level 3 spell: Stone Arrow
  2285 | D:2      | Noticed Natasha
  2292 | D:2      | Killed Natasha
  2382 | D:2      | Noticed Natasha
  2390 | D:2      | Killed Natasha
  2391 | D:2      | Reached skill level 1 in Conjurations
  2391 | D:2      | Reached XP level 5. HP: 6/35 MP: 6/10
  2771 | D:2      | Found a shadowy altar of Dithmenos.
  2896 | D:2      | Reached skill level 1 in Earth Magic
  3128 | D:2      | Noticed Natasha
  3132 | D:2      | Killed Natasha
  3234 | D:3      | Found Conem's Book Shop.
  3536 | D:3      | Reached skill level 6 in Necromancy
  3599 | D:3      | Noticed Jessica
  3606 | D:3      | Killed Jessica
  3607 | D:3      | Reached XP level 6. HP: 34/41 MP: 11/11
  4492 | D:3      | Learned a level 5 spell: Agony
  4543 | D:3      | Gained mutation: You have a pair of large antennae on your
                  | head. (SInv) [demonic ancestry]
  4543 | D:3      | Reached XP level 7. HP: 46/46 MP: 9/13
  4716 | D:3      | Found Ythryith's Distillery.
  4759 | D:3      | Found Masideo's Antique Weapon Boutique.
  5356 | D:4      | Got the Guidebook on Calefaction
  5812 | D:4      | Found a staircase to the Ecumenical Temple.
  5883 | Temple   | Entered the Ecumenical Temple
  6015 | Temple   | Became a worshipper of Hepliaklqana the Forgotten
  6188 | D:3      | Bought a masterwork mace for 192 gold pieces
  6188 | D:3      | Identified the +3 mace of Arbitration {vorpal, *Rage rElec
                  | Int+3} (You bought it in a shop on level 3 of the Dungeon)
  6252 | D:5      | Entered Level 5 of the Dungeon
  6428 | D:5      | Reached skill level 1 in Transmutations
  7121 | D:5      | Reached skill level 7 in Necromancy
  7172 | D:5      | Reached XP level 8. HP: 38/52 MP: 7/15
  7431 | D:5      | Reached skill level 5 in Spellcasting
  7577 | D:5      | Reached * piety under Hepliaklqana
  8326 | D:6      | Noticed Prince Ribbit
  8333 | D:6      | Killed Prince Ribbit
  8456 | D:6      | Reached skill level 8 in Necromancy
  8456 | D:6      | Reached XP level 9. HP: 51/51 MP: 4/17
  8895 | D:6      | Learned a level 2 spell: Blink
  9078 | D:6      | Reached skill level 5 in Conjurations
  9225 | D:7      | Found a sand-covered staircase.
  9234 | Ossuary  | Entered an ossuary
  9900 | D:7      | Found the +10 zealot's sword {holy, *Rage rN+ EV+3}
 10077 | D:7      | Noticed a two-headed ogre
 10082 | D:7      | Killed a two-headed ogre
 10083 | D:7      | Reached skill level 5 in Earth Magic
 10405 | D:7      | Reached ** piety under Hepliaklqana
 10407 | D:7      | Remembered your ancestor booboo as a knight
 10856 | D:8      | Reached XP level 10. HP: 56/56 MP: 8/20
 10956 | D:8      | Found a flagged portal.
 10963 | Bailey   | Entered a bailey
 10971 | Bailey   | Reached skill level 9 in Necromancy
 11263 | Bailey   | Reached skill level 5 in Transmutations
 11346 | Bailey   | Identified the +11 broad axe "Tiohom Ase" {vamp, rC+ Str-4
                  | Int-3 Dex+8}
 11881 | D:8      | Identified the +10 sling "Xuiskae" {vorpal, Str+2}
 11952 | D:8      | Noticed Psyche
 11953 | D:8      | Found a runed translucent gate.
 11958 | D:8      | Killed Psyche
 12025 | D:8      | Found a runed translucent gate.
 12025 | D:8      | Found a runed translucent gate.
 12029 | D:8      | Noticed KittyFluff's ghost (novice GrFi)
 12389 | D:8      | Killed KittyFluff's ghost
 12558 | D:9      | Found a bloodstained altar of Trog.
 12558 | D:9      | Found a sparkling altar of Nemelex Xobeh.
 12651 | D:9      | Identified the ring of Jiloqaquu {*Slow rPois rC- rN+
                  | Str+8}
 12840 | D:9      | Found a runed translucent gate.
 12840 | D:9      | Found a runed translucent gate.
 12840 | D:9      | Found a runed translucent gate.
 12840 | D:9      | Noticed Rangus's ghost (novice OgWn)
 12861 | D:9      | Killed Rangus's ghost
 12862 | D:9      | Reached skill level 10 in Necromancy
 12862 | D:9      | Gained mutation: You are mostly covered in sharp spines.
                  | [demonic ancestry]
 12862 | D:9      | Reached XP level 11. HP: 42/61 MP: 22/22
 13176 | D:9      | Found a shimmering blue altar of Sif Muna.
 13638 | D:9      | Reached *** piety under Hepliaklqana
 13695 | D:10     | Entered Level 10 of the Dungeon
 14041 | D:10     | Learned a level 5 spell: Borgnjor's Vile Clutch
 14169 | D:10     | Found a staircase to the Orcish Mines.
 14979 | D:11     | Noticed a white ugly thing
 14985 | D:11     | Killed a white ugly thing
 15428 | D:11     | Reached **** piety under Hepliaklqana
 15428 | D:11     | Noticed Lodul
 15447 | D:11     | Killed Lodul
 15451 | D:11     | Noticed a two-headed ogre
 15676 | D:11     | Killed a two-headed ogre
 15844 | D:11     | Reached skill level 11 in Necromancy
 15888 | D:11     | Found a staircase to the Lair.
 16460 | D:11     | Gained mutation: You have an unusually large brain. (Int
                  | +2) [demonic ancestry]
 16460 | D:11     | Reached XP level 12. HP: 66/66 MP: 12/24
 16693 | Lair:1   | Entered Level 1 of the Lair of Beasts
 16825 | Lair:1   | Identified the +0 rapier "Dragonslayer" {spect, Str+7}
 17609 | Lair:1   | Noticed a six-headed hydra
 17613 | Lair:1   | Killed a six-headed hydra
 18017 | Lair:1   | Learned a level 5 spell: Iskenderun's Battlesphere
 18342 | Lair:2   | Noticed Unglued128's ghost (journeyman DrEE)
 18658 | Lair:2   | Found a transporter.
 18674 | Lair:2   | Found a transporter.
 18841 | Lair:2   | Reached ***** piety under Hepliaklqana
 19096 | Lair:2   | Found a staircase to the Swamp.
 20156 | Lair:3   | Reached skill level 12 in Necromancy
 20337 | Lair:3   | Noticed an eight-headed hydra
 20341 | Lair:3   | Killed an eight-headed hydra
 20453 | Lair:3   | Found a staircase to the Snake Pit.
 20677 | Lair:3   | Gained mutation: You regenerate magic rapidly. [demonic
                  | ancestry]
 20677 | Lair:3   | Reached XP level 13. HP: 71/71 MP: 14/26
 20761 | Lair:3   | Reached skill level 10 in Conjurations
 21134 | Lair:4   | Reached skill level 10 in Spellcasting
 21220 | Lair:4   | Found a blossoming altar of Fedhas.
 21384 | Lair:4   | Found a transporter.
 21615 | Lair:4   | Found a transporter.
 21921 | Lair:4   | Noticed Nessos
 21932 | Lair:4   | Killed Nessos
 21950 | Lair:4   | Found a staircase to the Slime Pits.
 21951 | Lair:4   | Found a viscous altar of Jiyva.
 22291 | Lair:5   | Entered Level 5 of the Lair of Beasts
 23300 | Lair:5   | Reached skill level 13 in Necromancy
 23319 | Lair:5   | Slain by a death yak

Illustrated notes

Levels and vault maps discovered:
D:1:      eino_arrival_water_star, layout_basic, grunt_decor_arrowhead,
          minmay_heptomino_w4
D:2:      layout_loops_cross, basic_altar, kennysheep_nub,
          nicolae_concentric_dashed_squares_mild, uniq_natasha
D:3:      minmay_goblin_kobold_castle, layout_loops_ring, serial_shops, shop,
          shop, nicolae_shop_behind_doors, uniq_jessica
D:4:      layout_rooms, minmay_temple_entry_poolview, serial_glass,
          glass_columns_c, glass_columns_c
D:5:      layout_gridville, kennysheep_generic_room_2
D:6:      layout_loops_ring, grunt_decor_cap, uniq_prince_ribbit1
D:7:      layout_basic, gup_ossuary_entry_pyramid
D:8:      layout_loops_cross, ebering_ghost_rock_garden, enter_bailey_1,
          uniq_psyche
D:9:      layout_long_grid, mainiacjoe_overflow_catwalk,
          chequers_temple_overflow_statue_of_worship,
          gammafunk_ghost_nasty_kobolds
D:10:     layout_stronghold, david_orc_2, eino_tiny_chamber,
          amcnicky_mini_pool_small
D:11:     layout_loops_ring, grunt_lair_entry_orc_guard_hut, uniq_lodul
D:12:     layout_cave_pods
Temple:   nicolae_temple_bog_church
Lair:1:   layout_chaotic_city
Lair:2:   layout_gridlike, minmay_swamp_entry_eels,
          gammafunk_ghost_berserking_beasts, infiniplex_staircase_pool,
          serial_bayou_shore_b
Lair:3:   layout_cellular_growth, guppyfry_snake_entry_island
Lair:4:   gammafunk_worm_tunnel, layout_big_grid,
          nicolae_slime_entry_slimehenge, tgw_fedhas, uniq_nessos
Lair:5:   gammafunk_lair_ancient_temple, layout_loops_ring, serial_bayou_shore_a

Skill      XL: |  1  2  3  4  5  6  7  8  9 10 11 12 13 |
---------------+----------------------------------------+-----
Necromancy     | 5 6 7 8 10 11 12 13 | 13.0
Spellcasting   | 3 4 5 6 7 8 9 10 | 10.6
Conjurations   | 1 2 3 4 6 7 8 9 10 | 10.8
Earth Magic    | 1 2 3 4 5 6 7 9 |  9.9
Transmutations | 1 3 4 6 7 8 9 |  9.6
Dodging        | |  1.7
Stealth        | |  1.7

Action                   |  1- 3 |  4- 6 |  7- 9 | 10-12 | 13-15 || total
-------------------------+-------+-------+-------+-------+-------++-------
Melee: Unarmed           |     2 |       |       |       |       ||     2
       Short sword       |    25 |   119 |    22 |       |       ||   166
       Punch             |       |     2 |     2 |       |       ||     4
       Mace              |       |       |   149 |   130 |    20 ||   299
 Cast: Necrotise         |    34 |     8 |    10 |     1 |       ||    53
       Vampiric Draining |     2 |    32 |    16 |     9 |    18 ||    77
       Stone Arrow       |       |     1 |    43 |   186 |    58 ||   288
       Agony             |       |       |     3 |     1 |       ||     4
       Borgnjor's Vile C |       |       |       |    26 |    28 ||    54
       Blink             |       |       |       |     2 |     1 ||     3
       Iskenderun's Batt |       |       |       |    20 |     6 ||    26
Invok: Ancestor Identity |       |       |     1 |       |       ||     1
       Ancestor Life: Kn |       |       |     1 |       |       ||     1
Evoke: Wand              |       |       |       |    11 |     2 ||    13
       Lightning rod     |       |       |       |       |     4 ||     4
  Use: Potion            |       |     5 |       |     1 |    10 ||    16
       Scroll            |       |     1 |    10 |     6 |     6 ||    23
 Stab: Sleeping          |     1 |     2 |     5 |     5 |       ||    13
       Distracted        |     1 |       |     1 |       |     1 ||     3
Armor: Robe              |     3 |    19 |    47 |    50 |    25 ||   144
Dodge: Dodged            |    16 |    95 |   131 |    97 |    61 ||   400
